AoeStats
← StuRat

Arabia

510162712Analyzed
3v3 RM · 2d ago on Sep 29, 2026· 48m 0s· 6 players
Game mode
Random Map
Map size
Normal (6 player)
Population
200
Speed
Normal
Resources
Standard
Victory
Conquest
Starting age
Dark Age
Ending age
Imperial Age
RankedLock teamsTeams togetherTeam positionsShared explorationLock speedFull tech treeHidden civsTurbo modeCheats
Victory
Defeat
🇨🇱 Mapuche · Chile
1197
+11
🇨🇱 Mongols · Chile
1190
+12
🇨🇱 Dravidians · Chile
1066
+16
🇪🇸 Spanish · Spain
1106
-14
🇫🇷 Vietnamese · France
1089
-13
🇬🇧 Huns · United Kingdom
1071
-12
oDiN_ZeLot
11:48 Feudal Age
10:59 Loom
12:26 Double-Bit Axe
17:40 Horse Collar
22:25 Castle Age
20:24 Gold Mining
21:43 Scale Barding Armor
21:37 Stone Mining
23:29 Heavy Plow
27:38 Husbandry
29:22 Bow Saw
31:22 Stone Shaft Mining
36:25 Imperial Age
35:04 Wheelbarrow
36:12 Bloodlines
39:47 Pikeman
40:12 Gambesons
41:18 Cavalier
42:41 Chain Barding Armor
42:22 Padded Archer Armor
42:13 Fletching
44:09 Plate Barding Armor
43:36 Scale Mail Armor
46:11 Bodkin Arrow
46:31 Leather Archer Armor
45:55 Halberdier
46:31 Paladin
Beuhfa
8:01 Loom
10:38 Feudal Age
14:25 Double-Bit Axe
14:21 Horse Collar
15:24 Gold Mining
16:48 Fletching
19:56 Padded Archer Armor
23:18 Castle Age
24:53 Bow Saw
24:46 Heavy Plow
25:27 Wheelbarrow
25:35 Stone Mining
25:49 Husbandry
26:39 Hand Cart
26:11 Town Watch
27:12 Bloodlines
27:32 Crossbowman
29:13 Scale Barding Armor
32:18 Elite Skirmisher
38:10 Ballistics
38:26 Bodkin Arrow
38:46 Masonry
40:01 Chatras
40:38 Chain Barding Armor
44:07 Imperial Age
42:03 Fortified Wall
StuRat
6:56 Loom
9:22 Feudal Age
7:48 Loom
11:08 Double-Bit Axe
12:40 Horse Collar
17:15 Scale Barding Armor
17:28 Bloodlines
23:17 Castle Age
21:50 Fletching
23:16 Padded Archer Armor
24:26 Thumb Ring
24:38 Bodkin Arrow
25:07 Bow Saw
28:01 Wheelbarrow
27:28 Heavy Plow
28:56 Husbandry
29:50 Ballistics
33:18 Leather Archer Armor
34:33 Hand Cart
35:19 Hand Cart
38:27 Imperial Age
36:56 Gold Mining
38:53 Heavy Cavalry Archer
39:35 Bracer
41:07 Parthian Tactics
41:53 Chemistry
40:42 Town Watch
41:47 Gold Shaft Mining
43:06 Light Cavalry
45:26 Scale Barding Armor
45:32 Forging
PERPETUAL BURN
1:41 Loom
5:57 Loom
8:31 Feudal Age
9:12 Double-Bit Axe
21:12 Castle Age
20:02 Scale Barding Armor
20:08 Forging
19:43 Horse Collar
20:19 Bloodlines
22:00 Husbandry
22:36 Bow Saw
22:35 Gold Mining
26:02 Chain Barding Armor
27:06 Town Watch
29:47 Wheelbarrow
30:40 Heavy Plow
38:37 Imperial Age
36:09 Stone Mining
39:20 Hand Cart
40:05 Conscription
40:27 Elite Steppe Lancer
41:44 Iron Casting
42:14 Town Patrol
43:39 Blast Furnace
48:10 Chemistry
HHHGGG
9:25 Feudal Age
8:41 Loom
10:04 Double-Bit Axe
10:00 Horse Collar
13:37 Fletching
20:41 Castle Age
19:24 Gold Mining
20:10 Wheelbarrow
21:41 Bodkin Arrow
23:01 Bow Saw
24:32 Heavy Plow
34:03 Imperial Age
33:48 Ballistics
34:44 Bracer
35:48 Chemistry
36:25 Scale Barding Armor
36:28 Stone Mining
36:25 Elite Skirmisher
41:57 Chain Barding Armor
43:02 Elite Elephant Archer
47:48 Two-Man Saw
46:50 Padded Archer Armor
47:54 Hand Cart
48:04 Husbandry
P4ND4
6:36 Loom
9:15 Feudal Age
9:49 Double-Bit Axe
10:02 Horse Collar
21:05 Castle Age
19:18 Fletching
19:44 Padded Archer Armor
22:29 Leather Archer Armor
22:09 Bodkin Arrow
22:57 Gold Mining
24:21 Gold Shaft Mining
23:57 Bow Saw
25:40 Wheelbarrow
36:34 Imperial Age
36:31 Ballistics
37:47 Ring Archer Armor
37:55 Elite Skirmisher
38:36 Heavy Plow
40:50 Chemistry
41:15 Conscription
41:50 Hand Cart
41:51 Town Watch
47:08 Elite Bolas Rider
Connection lost

Rejoining the realm…

Still unreachable

The connection could not be restored.

Session expired

The server has moved on; the page needs a fresh start.